[Event "FICS rated blitz game"]
[Site "FICS freechess.org"]
[FICSGamesDBGameNo "20000157"]
[White "Jad"]
[Black "Neutralizer"]
[WhiteElo "1348"]
[BlackElo "1302"]
[WhiteRD "na"]
[BlackRD "na"]
[TimeControl "300+0"]
[Date "1999.01.28"]
[Time "14:17:00"]
[WhiteClock "0:05:00.000"]
[BlackClock "0:05:00.000"]
[ECO "C00"]
[PlyCount "58"]
[Result "0-1"]

1. e4 e6 2. d4 Nf6 3. e5 Nd5 4. c4 Ne7 5. Nf3 d5 6. Nc3 dxc4 7. Bxc4 Nbc6 8. Be3 g6 9. O-O Bg7 10. Qd2 a6 11. Rad1 b5 12. Bb3 b4 13. Ne4 Bb7 14. Bh6 Rg8 15. Bxg7 Rxg7 16. Qh6 Kd7 17. Nc5+ Kc8 18. Qe3 Nf5 19. Qe4 g5 20. Ba4 Nd6 21. Qc2 Nf5 22. Nxb7 Qg8 23. Qxc6 g4 24. Ne1 g3 25. fxg3 Nxg3 26. Rf3 Ne2+ 27. Kf2 Rxg2+ 28. Ke3 Qg5+ 29. Kd3 Nf4+ {White forfeits on time} 0-1

[Event "FICS rated blitz game"]
[Site "FICS freechess.org"]
[FICSGamesDBGameNo "20000156"]
[White "ros"]
[Black "Benkku"]
[WhiteElo "1522"]
[BlackElo "1666"]
[WhiteRD "na"]
[BlackRD "na"]
[TimeControl "300+0"]
[Date "1999.01.28"]
[Time "11:32:00"]
[WhiteClock "0:05:00.000"]
[BlackClock "0:05:00.000"]
[ECO "B51"]
[PlyCount "48"]
[Result "0-1"]

1. e4 c5 2. Nf3 d6 3. Bb5+ Nd7 4. O-O a6 5. Bxd7+ Bxd7 6. e5 d5 7. Nc3 Bg4 8. Re1 e6 9. d4 cxd4 10. Qxd4 Bxf3 11. gxf3 Qc7 12. Bg5 Be7 13. Qg4 O-O-O 14. Bxe7 Nxe7 15. f4 h5 16. Qe2 Nf5 17. Rad1 Kb8 18. Na4 h4 19. c4 dxc4 20. Rxd8+ Rxd8 21. Rd1 Rxd1+ 22. Qxd1 Qc6 23. Qd8+ Ka7 24. Qg5 Qxa4 {White resigns} 0-1

[Event "FICS rated blitz game"]
[Site "FICS freechess.org"]
[FICSGamesDBGameNo "20000155"]
[White "FrozenPawn"]
[Black "FrontaLobotomy"]
[WhiteElo "1216"]
[BlackElo "1552"]
[WhiteRD "na"]
[BlackRD "na"]
[TimeControl "0+5"]
[Date "1999.01.26"]
[Time "19:05:00"]
[WhiteClock "0:10.000"]
[BlackClock "0:10.000"]
[ECO "A45"]
[PlyCount "52"]
[Result "0-1"]

1. d4 Nf6 2. e3 g6 3. c3 Bg7 4. c4 e6 5. Nc3 O-O 6. c5 b6 7. cxb6 cxb6 8. d5 Bb7 9. dxe6 dxe6 10. Qxd8 Rxd8 11. Bb5 Bxg2 12. f3 Bxh1 13. Bc6 Nxc6 14. Nb5 Ne5 15. f4 Nf3+ 16. Nxf3 Bxf3 17. Kf2 Bc6 18. Nd4 Bb7 19. Bd2 Ne4+ 20. Ke2 Nxd2 21. Kxd2 Bxd4 22. exd4 Rxd4+ 23. Ke3 Rad8 24. Rc1 Re4+ 25. Kf3 Re1+ 26. Kg4 Rxc1 {White resigns} 0-1

[Event "FICS rated blitz game"]
[Site "FICS freechess.org"]
[FICSGamesDBGameNo "20000154"]
[White "Johnlaure"]
[Black "yunger"]
[WhiteElo "1376"]
[BlackElo "1361"]
[WhiteRD "na"]
[BlackRD "na"]
[TimeControl "180+12"]
[Date "1999.01.26"]
[Time "13:06:00"]
[WhiteClock "0:03:00.000"]
[BlackClock "0:03:00.000"]
[ECO "C78"]
[PlyCount "113"]
[Result "1/2-1/2"]

1. e4 e5 2. Nf3 Nc6 3. Bb5 a6 4. Ba4 Nf6 5. O-O b5 6. Bb3 d6 7. Re1 Na5 8. Nc3 Nxb3 9. axb3 Be7 10. d3 O-O 11. Nxb5 Bb7 12. Nc3 d5 13. exd5 Nxd5 14. Nxe5 Nxc3 15. bxc3 Bf6 16. d4 Qd5 17. f3 Rfe8 18. Ng4 Bh4 19. Rxe8+ Rxe8 20. Ne5 f6 21. g3 Bxg3 22. hxg3 fxe5 23. Ba3 exd4 24. cxd4 Qxf3 25. Qxf3 Bxf3 26. Kf2 Bb7 27. c4 h6 28. d5 c6 29. d6 Rd8 30. c5 a5 31. Bb2 Rf8+ 32. Ke3 Re8+ 33. Kd4 Ra8 34. Bc3 Bc8 35. Rxa5 Rb8 36. b4 Be6 37. Ra7 Rd8 38. Ke5 Bd7 39. Rb7 Kf8 40. Ke4 Kg8 41. Kd4 Kf8 42. b5 cxb5 43. Ba5 Bc8 44. Bxd8 Bxb7 45. d7 Bc6 46. Ba5 Bxd7 47. Kd5 Ke7 48. Bb4 Kd8 49. c6 Bc8 50. Kd6 g5 51. Kc5 h5 52. Kxb5 h4 53. gxh4 gxh4 54. Bd6 h3 55. Kb6 Be6 56. Kb7 Bc8+ 57. Kb8 {Game drawn by mutual agreement} 1/2-1/2

[Event "FICS rated blitz game"]
[Site "FICS freechess.org"]
[FICSGamesDBGameNo "20000153"]
[White "Beach"]
[Black "bmw"]
[WhiteElo "1520"]
[BlackElo "1394"]
[WhiteRD "na"]
[BlackRD "na"]
[TimeControl "120+12"]
[Date "1999.01.26"]
[Time "04:11:00"]
[WhiteClock "0:02:00.000"]
[BlackClock "0:02:00.000"]
[ECO "B07"]
[PlyCount "65"]
[Result "1-0"]

1. e4 d6 2. d4 Nf6 3. Nc3 e6 4. f4 Be7 5. Nf3 O-O 6. Be2 Nc6 7. O-O a6 8. Qd3 b5 9. e5 Ng4 10. h3 Nh6 11. g4 dxe5 12. Nxe5 Qxd4+ 13. Qxd4 Nxd4 14. Bd3 Bc5 15. Kg2 f6 16. Be4 fxe5 17. Bxa8 c6 18. Ne4 Nxc2 19. Nxc5 Nxa1 20. Rf2 exf4 21. Bxc6 e5 22. Be4 g5 23. b3 Rd8 24. Bb2 Nxb3 25. axb3 Nf7 26. Re2 Kg7 27. Nd3 Bb7 28. Nxe5 Bxe4+ 29. Nf3+ Kg6 30. Rxe4 Rd6 31. Re8 h6 32. Rg8+ Kh7 33. Rg7+ {Black resigns} 1-0

[Event "FICS rated blitz game"]
[Site "FICS freechess.org"]
[FICSGamesDBGameNo "20000152"]
[White "sickpup"]
[Black "EagleWing"]
[WhiteElo "1451"]
[BlackElo "1518"]
[WhiteRD "na"]
[BlackRD "na"]
[TimeControl "180+0"]
[Date "1999.01.25"]
[Time "22:47:00"]
[WhiteClock "0:03:00.000"]
[BlackClock "0:03:00.000"]
[ECO "C50"]
[PlyCount "50"]
[Result "0-1"]

1. e4 e5 2. Nf3 d6 3. Bc4 Nc6 4. Nc3 Bg4 5. d4 exd4 6. Nd5 Nge7 7. Nxe7 Bxe7 8. Qd3 Ne5 9. Nxe5 dxe5 10. Qg3 Be6 11. Qxg7 Rf8 12. Bxe6 fxe6 13. O-O Bf6 14. Qxh7 Qe7 15. Qg6+ Kd7 16. Bh6 Rg8 17. Qh5 Rh8 18. Qg6 Rag8 19. Qh5 Bg7 20. Qe2 Bxh6 21. c3 Bf4 22. g3 Qh7 23. Kg2 Qxh2+ 24. Kf3 Qh5+ 25. Kg2 Qxe2 {White resigns} 0-1

[Event "FICS rated blitz game"]
[Site "FICS freechess.org"]
[FICSGamesDBGameNo "20000151"]
[White "virgy"]
[Black "shana"]
[WhiteElo "1446"]
[BlackElo "1357"]
[WhiteRD "na"]
[BlackRD "na"]
[TimeControl "180+0"]
[Date "1999.01.25"]
[Time "20:37:00"]
[WhiteClock "0:03:00.000"]
[BlackClock "0:03:00.000"]
[ECO "C00"]
[PlyCount "96"]
[Result "0-1"]

1. e4 e6 2. d4 f5 3. exf5 exf5 4. Bd3 g6 5. Bxf5 gxf5 6. Qh5+ Ke7 7. Bg5+ Nf6 8. Bxf6+ Kxf6 9. Nf3 Qe7+ 10. Kd1 Kg7 11. Re1 Qf7 12. Qh4 Bd6 13. Nc3 Nc6 14. Ne5 Bxe5 15. dxe5 Re8 16. Qg3+ Kh8 17. f4 d6 18. Kd2 dxe5 19. fxe5 Be6 20. Rad1 Rad8+ 21. Kc1 Rxd1+ 22. Kxd1 f4 23. Qf3 Rd8+ 24. Kc1 Qf5 25. Rd1 Nd4 26. Qd3 Qxd3 27. Rxd3 Bf5 28. Kd2 Bxd3 29. cxd3 Nc6 30. Ne4 Nxe5 31. Nf6 Rxd3+ 32. Ke2 Re3+ 33. Kf2 Kg7 34. Ng4 Nxg4+ 35. Kf1 Rd3 36. h3 Ne3+ 37. Ke2 Rd1 38. Kf3 Rb1 39. Kxf4 Rxb2 40. g4 Rxa2 41. g5 b5 42. Kxe3 b4 43. Kf4 b3 44. h4 b2 45. h5 b1=Q 46. h6+ Kg8 47. Kg4 Qg1+ 48. Kh5 Rh2# {White checkmated} 0-1

[Event "FICS rated blitz game"]
[Site "FICS freechess.org"]
[FICSGamesDBGameNo "20000150"]
[White "stealthbomber"]
[Black "KibitzNBlitz"]
[WhiteElo "1349"]
[BlackElo "1393"]
[WhiteRD "na"]
[BlackRD "na"]
[TimeControl "120+12"]
[Date "1999.01.25"]
[Time "13:56:00"]
[WhiteClock "0:02:00.000"]
[BlackClock "0:02:00.000"]
[ECO "B40"]
[PlyCount "75"]
[Result "0-1"]

1. e4 c5 2. Nf3 Nc6 3. Nc3 e6 4. a3 d5 5. Bb5 a6 6. Bxc6+ bxc6 7. O-O Nf6 8. Ne2 Nxe4 9. d3 Nf6 10. Bg5 Be7 11. d4 Ne4 12. Bxe7 Qxe7 13. c3 O-O 14. Qa4 Bd7 15. Ne5 cxd4 16. Qxd4 c5 17. Qe3 Bb5 18. Ng3 Bxf1 19. Rxf1 Nxg3 20. Qxg3 f6 21. Ng4 Kh8 22. Re1 Qf7 23. h4 Qg6 24. Rxe6 Rfe8 25. Rb6 h5 26. Ne3 Qxg3 27. fxg3 Rxe3 28. Kf2 Rd3 29. Rc6 c4 30. Rd6 Rb8 31. Rxa6 Rxb2+ 32. Kg1 Rxc3 33. a4 Rxg3 34. a5 Rgxg2+ 35. Kf1 Rgc2 36. Re6 Rc1+ 37. Re1 Rxe1+ 38. Kxe1 {White resigns} 0-1

[Event "FICS rated blitz game"]
[Site "FICS freechess.org"]
[FICSGamesDBGameNo "20000148"]
[White "Benkku"]
[Black "aclee"]
[WhiteElo "1690"]
[BlackElo "1896"]
[WhiteRD "na"]
[BlackRD "na"]
[TimeControl "300+0"]
[Date "1999.01.24"]
[Time "03:20:00"]
[WhiteClock "0:05:00.000"]
[BlackClock "0:05:00.000"]
[ECO "E97"]
[PlyCount "98"]
[Result "0-1"]

1. d4 Nf6 2. Nf3 g6 3. c4 Bg7 4. Nc3 O-O 5. e4 d6 6. Be2 e5 7. O-O Nc6 8. Be3 Ng4 9. d5 Nxe3 10. fxe3 Ne7 11. Qd3 f5 12. Ng5 h6 13. Ne6 Bxe6 14. dxe6 f4 15. Nd5 g5 16. exf4 exf4 17. g3 c6 18. Nxe7+ Qxe7 19. gxf4 gxf4 20. Qh3 Rae8 21. Bg4 Bxb2 22. Rab1 Bd4+ 23. Kh1 Qg7 24. Bf5 Kh8 25. Rxf4 Rg8 26. Rg4 Qf6 27. Rxg8+ Rxg8 28. Rf1 Qg5 29. Qg3 Qd2 30. Qxg8+ Kxg8 31. e7 Kf7 32. Bc8+ Kxe7 33. Bxb7 c5 34. Bd5 Qg5 35. Rf7+ Kd8 36. Rf1 Be5 37. Rf8+ Kc7 38. Rf1 Qh4 39. Kg2 Qxh2+ 40. Kf3 Qg3+ 41. Ke2 Bd4 42. Rb1 Qe3+ 43. Kd1 Bc3 44. Kc2 Qd2+ 45. Kb3 Kb6 46. Ka3+ Kc7 47. Rb7+ Kc8 48. Rxa7 Qb2+ 49. Ka4 Qb4# {White checkmated} 0-1

[Event "FICS rated blitz game"]
[Site "FICS freechess.org"]
[FICSGamesDBGameNo "20000147"]
[White "KingsMan"]
[Black "lorecai"]
[WhiteElo "1287"]
[BlackElo "1240"]
[WhiteRD "na"]
[BlackRD "na"]
[TimeControl "120+12"]
[Date "1999.01.22"]
[Time "09:03:00"]
[WhiteClock "0:02:00.000"]
[BlackClock "0:02:00.000"]
[ECO "C44"]
[PlyCount "91"]
[Result "1-0"]

1. e4 e5 2. Nf3 Nc6 3. d3 d5 4. exd5 Qxd5 5. Nc3 Qa5 6. Bd2 Bb4 7. Be2 Nf6 8. a3 Bxc3 9. Bxc3 Qd5 10. O-O Bg4 11. h3 Bxf3 12. Bxf3 e4 13. Re1 O-O 14. dxe4 Qxd1 15. Raxd1 Rad8 16. Bxf6 Rxd1 17. Rxd1 gxf6 18. c3 Ne5 19. Be2 a6 20. f4 Ng6 21. g3 Re8 22. Bd3 b5 23. Kg2 c5 24. Kf3 c4 25. Bc2 h5 26. Rd7 h4 27. g4 Nf8 28. Rd6 Ne6 29. Rxa6 Nc5 30. Rxf6 Na4 31. Bxa4 bxa4 32. Rb6 Rd8 33. Rb4 Rd3+ 34. Kg2 Rd2+ 35. Kf1 Rh2 36. Rxc4 Rxh3 37. Rxa4 Rf3+ 38. Kg2 Rxf4 39. Kh3 Rf2 40. Rb4 Kg7 41. Kxh4 Kg6 42. Rb6+ f6 43. e5 Rf4 44. Rxf6+ Rxf6 45. exf6 Kxf6 46. a4 {Black resigns} 1-0

[Event "FICS rated blitz game"]
[Site "FICS freechess.org"]
[FICSGamesDBGameNo "20000146"]
[White "SLAPWA"]
[Black "Tagada"]
[WhiteElo "1614"]
[BlackElo "1653"]
[WhiteRD "na"]
[BlackRD "na"]
[TimeControl "300+0"]
[Date "1999.01.20"]
[Time "11:07:00"]
[WhiteClock "0:05:00.000"]
[BlackClock "0:05:00.000"]
[ECO "B41"]
[PlyCount "72"]
[Result "0-1"]

1. e4 c5 2. Nf3 e6 3. d4 cxd4 4. Nxd4 a6 5. c4 Nf6 6. Bd3 Qb6 7. Nb3 Nc6 8. Be3 Bb4+ 9. N1d2 Qc7 10. O-O Ne5 11. Be2 b6 12. a3 Be7 13. f4 Nc6 14. Rc1 d6 15. Kh1 Bb7 16. h3 h5 17. Bf3 Ng4 18. Bg1 O-O-O 19. Qe2 e5 20. f5 Nf6 21. Rfd1 Kb8 22. Nf1 h4 23. Ne3 g5 24. Nd5 Nxd5 25. cxd5 Na7 26. Rxc7 Kxc7 27. Qc4+ Kb8 28. Bxb6 Rc8 29. Qe2 Nb5 30. a4 Nc7 31. Na5 Rhd8 32. g4 f6 33. Bg2 Ka8 34. Bf1 Bf8 35. Nxb7 Kb8 36. Qxa6 Nxa6 {White forfeits on time} 0-1

[Event "FICS rated blitz game"]
[Site "FICS freechess.org"]
[FICSGamesDBGameNo "20000145"]
[White "rabe"]
[Black "djedo"]
[WhiteElo "1467"]
[BlackElo "1503"]
[WhiteRD "na"]
[BlackRD "na"]
[TimeControl "120+12"]
[Date "1999.01.20"]
[Time "06:08:00"]
[WhiteClock "0:02:00.000"]
[BlackClock "0:02:00.000"]
[ECO "C61"]
[PlyCount "142"]
[Result "0-1"]

1. e4 e5 2. Nf3 Nc6 3. Bb5 Nd4 4. Nxd4 exd4 5. d3 Bc5 6. O-O c6 7. Ba4 Ne7 8. c3 O-O 9. Re1 d5 10. e5 Nf5 11. cxd4 Bxd4 12. Nd2 Re8 13. Nf3 Bd7 14. Nxd4 Nxd4 15. Be3 Nf5 16. Bf4 Qh4 17. Qf3 Nd4 18. Qg3 Qxg3 19. Bxg3 Nf5 20. Bf4 b5 21. Bd1 Be6 22. Bg4 Nd4 23. Bxe6 fxe6 24. Rac1 Rac8 25. Be3 Nf5 26. Bxa7 g5 27. d4 h5 28. b3 Rf8 29. a4 bxa4 30. bxa4 Rf7 31. Bb6 g4 32. a5 h4 33. Rc3 Kg7 34. a6 Kg6 35. a7 Rb7 36. Rb1 Nxd4 37. Ra3 Ra8 38. Raa1 Nb5 39. Be3 Kf5 40. Bd4 Ke4 41. Ra4 Kf5 42. f3 g3 43. h3 Rbxa7 44. Bxa7 Rxa7 45. Rxa7 Nxa7 46. Rb7 Nb5 47. Rb6 Nd4 48. Rb8 Kxe5 49. Kf1 c5 50. Rh8 Nf5 51. Ke2 c4 52. Kd2 d4 53. Rc8 c3+ 54. Kd3 Kf4 55. Rf8 e5 56. Re8 Ne3 57. Rf8+ Kg5 58. Rg8+ Kf6 59. Rf8+ Kg7 60. Re8 c2 61. Kd2 Nxg2 62. Rxe5 Ne3 63. Rd5 g2 64. Rg5+ Kf6 65. Rxg2 Nxg2 66. Kxc2 Nf4 67. Kd2 Ke5 68. Ke1 d3 69. Kd1 Kd4 70. Kd2 Nxh3 71. Ke1 Ke3 {White resigns} 0-1

[Event "FICS rated blitz game"]
[Site "FICS freechess.org"]
[FICSGamesDBGameNo "20000144"]
[White "gong"]
[Black "Inataysia"]
[WhiteElo "1060"]
[BlackElo "1220"]
[WhiteRD "na"]
[BlackRD "na"]
[TimeControl "300+0"]
[Date "1999.01.19"]
[Time "12:56:00"]
[WhiteClock "0:05:00.000"]
[BlackClock "0:05:00.000"]
[ECO "D40"]
[PlyCount "47"]
[Result "1-0"]

1. d4 Nf6 2. c4 e6 3. Nc3 d5 4. Nf3 c5 5. g3 g6 6. Bg2 Bg7 7. Ne5 Nbd7 8. O-O Nxe5 9. dxe5 Nd7 10. Bf4 Nxe5 11. Bxe5 Bxe5 12. cxd5 Bxc3 13. bxc3 exd5 14. Bxd5 Bh3 15. Re1 O-O 16. Qb3 Rb8 17. Red1 Qe7 18. Rab1 Qxe2 19. Bxb7 Rfe8 20. Qd5 Rbd8 21. Qf3 Qxf3 22. Bxf3 Rxd1+ 23. Rxd1 Re2 24. Bxe2 {Black forfeits on time} 1-0

[Event "FICS rated blitz game"]
[Site "FICS freechess.org"]
[FICSGamesDBGameNo "20000143"]
[White "marmot"]
[Black "FMP"]
[WhiteElo "1978"]
[BlackElo "2108"]
[WhiteRD "na"]
[BlackRD "na"]
[TimeControl "300+0"]
[Date "1999.01.19"]
[Time "11:02:00"]
[WhiteClock "0:05:00.000"]
[BlackClock "0:05:00.000"]
[ECO "C12"]
[PlyCount "44"]
[Result "0-1"]

1. e4 e6 2. d4 d5 3. Nc3 Nf6 4. Bg5 Bb4 5. e5 h6 6. Bd2 Bxc3 7. bxc3 Ne4 8. Bd3 Nxd2 9. Kxd2 c5 10. Qg4 O-O 11. Nh3 Nc6 12. Rhe1 f5 13. exf6 Qxf6 14. Re2 e5 15. dxe5 Nxe5 16. Qh5 g5 17. f4 Nxd3 18. fxg5 hxg5 19. Nxg5 Qf4+ 20. Kd1 Nb2+ 21. Ke1 Qf1+ 22. Kd2 Nc4+ {White resigns} 0-1

[Event "FICS rated blitz game"]
[Site "FICS freechess.org"]
[FICSGamesDBGameNo "20000142"]
[White "JayGosh"]
[Black "xvilar"]
[WhiteElo "1214"]
[BlackElo "1234"]
[WhiteRD "na"]
[BlackRD "na"]
[TimeControl "240+0"]
[Date "1999.01.19"]
[Time "10:14:00"]
[WhiteClock "0:04:00.000"]
[BlackClock "0:04:00.000"]
[ECO "D07"]
[PlyCount "31"]
[Result "1-0"]

1. d4 d5 2. c4 Nc6 3. e3 Nf6 4. Nc3 Be6 5. Nf3 g6 6. Be2 Ne4 7. Nxe4 dxe4 8. Nd2 Na5 9. Qa4+ Nc6 10. Nxe4 Bf5 11. Bd3 Bd7 12. Qb3 Na5 13. Qc3 b6 14. d5 f5 15. Qxh8 e6 16. Nf6+ {Black resigns} 1-0

[Event "FICS rated blitz game"]
[Site "FICS freechess.org"]
[FICSGamesDBGameNo "20000141"]
[White "Brony"]
[Black "SConst"]
[WhiteElo "1501"]
[BlackElo "1426"]
[WhiteRD "na"]
[BlackRD "na"]
[TimeControl "180+0"]
[Date "1999.01.19"]
[Time "07:51:00"]
[WhiteClock "0:03:00.000"]
[BlackClock "0:03:00.000"]
[ECO "B07"]
[PlyCount "52"]
[Result "0-1"]

1. e4 e6 2. d4 d6 3. Nc3 Nc6 4. d5 exd5 5. exd5 Qe7+ 6. Be2 Ne5 7. Bf4 Nf6 8. Bxe5 Qxe5 9. Nf3 Qf5 10. Bd3 Qh5 11. Qe2+ Be7 12. O-O-O Nxd5 13. Nxd5 Qxd5 14. Bb5+ Qxb5 15. Qxb5+ c6 16. Qe2 Be6 17. Rhe1 O-O 18. h4 Rad8 19. Ng5 Bxg5+ 20. hxg5 g6 21. Rh1 Bxa2 22. b3 Rde8 23. Qg4 Kg7 24. Qh4 Rh8 25. Qh6+ Kg8 26. Rxd6 c5 {White forfeits on time} 0-1

[Event "FICS rated blitz game"]
[Site "FICS freechess.org"]
[FICSGamesDBGameNo "20000140"]
[White "Ronnie"]
[Black "petteri"]
[WhiteElo "2168"]
[BlackElo "2241"]
[WhiteRD "na"]
[BlackRD "na"]
[TimeControl "180+0"]
[Date "1999.01.19"]
[Time "03:56:00"]
[WhiteClock "0:03:00.000"]
[BlackClock "0:03:00.000"]
[ECO "B14"]
[PlyCount "93"]
[Result "1-0"]

1. e4 c5 2. c3 g6 3. d4 cxd4 4. cxd4 d5 5. exd5 Nf6 6. Nc3 Nxd5 7. Bc4 Nb6 8. Bb3 Bg7 9. Nf3 O-O 10. h3 Nc6 11. Be3 Na5 12. O-O Nxb3 13. Qxb3 Be6 14. Qd1 Bd5 15. Re1 h6 16. Nxd5 Nxd5 17. Qd2 Nxe3 18. fxe3 Qd7 19. Rad1 e6 20. Kh1 Rfd8 21. e4 Rac8 22. e5 Qd5 23. Rf1 Qxa2 24. Qf4 Qd5 25. Nd2 Rc2 26. Ne4 Qd7 27. Rf2 Rxf2 28. Qxf2 a6 29. Qf4 Rf8 30. Nd6 f5 31. h4 h5 32. Qf3 Kh7 33. Rc1 Rd8 34. b4 Bf8 35. Qxb7 Bxd6 36. Qb6 Be7 37. Rc7 Qe8 38. Qa7 Kg8 39. Rxe7 Qf8 40. Rxe6 Qg7 41. Re7 Qh6 42. Qc7 Rf8 43. d5 f4 44. d6 f3 45. gxf3 Rxf3 46. Re8+ Rf8 47. d7 {Black forfeits on time} 1-0

[Event "FICS rated lightning game"]
[Site "FICS freechess.org"]
[FICSGamesDBGameNo "20000139"]
[White "todzo"]
[Black "abpdoc"]
[WhiteElo "1599"]
[BlackElo "1593"]
[WhiteRD "na"]
[BlackRD "na"]
[TimeControl "120+0"]
[Date "1999.01.18"]
[Time "20:42:00"]
[WhiteClock "0:02:00.000"]
[BlackClock "0:02:00.000"]
[ECO "A80"]
[PlyCount "86"]
[Result "0-1"]

1. d4 f5 2. Nf3 Nf6 3. e3 g6 4. b3 Bg7 5. Bb2 Nc6 6. g3 d6 7. Bg2 e5 8. O-O Qe7 9. dxe5 dxe5 10. Nbd2 O-O 11. Nc4 Rd8 12. Qe2 a6 13. Nfxe5 Ne4 14. Nxc6 bxc6 15. Bxg7 Qxg7 16. Bxe4 fxe4 17. Nd2 Bf5 18. Qc4+ Qf7 19. Qxc6 Rxd2 20. Rad1 Rad8 21. Rxd2 Rxd2 22. Qa8+ Kg7 23. Qxa6 Bh3 24. Qa5 Rxc2 25. Qe5+ Kh6 26. Qf4+ Qxf4 27. exf4 Bxf1 28. Kxf1 Rxa2 29. b4 Rb2 30. Kg2 Kg7 31. Kf1 Kf6 32. Ke1 Ke6 33. b5 Kd5 34. b6 cxb6 35. Kf1 Kd4 36. Kg2 Kd3 37. Kh3 Rxf2 38. Kg4 e3 39. Kg5 e2 40. Kh6 e1=Q 41. Kxh7 Qe6 42. Kh6 Rxh2+ 43. Kg5 Qf5# {White checkmated} 0-1

[Event "FICS rated blitz game"]
[Site "FICS freechess.org"]
[FICSGamesDBGameNo "20000138"]
[White "Cunctator"]
[Black "sif"]
[WhiteElo "1735"]
[BlackElo "1720"]
[WhiteRD "na"]
[BlackRD "na"]
[TimeControl "180+0"]
[Date "1999.01.18"]
[Time "15:38:00"]
[WhiteClock "0:03:00.000"]
[BlackClock "0:03:00.000"]
[ECO "A02"]
[PlyCount "79"]
[Result "1-0"]

1. f4 Nf6 2. Nc3 g6 3. e4 Bg7 4. Bc4 d6 5. Nf3 O-O 6. O-O Nc6 7. d3 Be6 8. Nd5 Bxd5 9. exd5 Nb4 10. a3 Nbxd5 11. Qe1 Re8 12. f5 c6 13. Qh4 e5 14. fxg6 fxg6 15. Bg5 Rf8 16. Bh6 Qd7 17. Ng5 Rae8 18. Rf2 Qg4 19. Qxg4 Nxg4 20. Rxf8+ Rxf8 21. Bxg7 Kxg7 22. Ne6+ Kg8 23. Nxf8 Kxf8 24. Rf1+ Ke7 25. h3 Nge3 26. Rf2 Nd1 27. Rd2 Nxb2 28. Bb3 Nf4 29. Kf2 a5 30. c3 Nbxd3+ 31. Ke3 Nc1 32. Bc2 Na2 33. Bxg6 hxg6 34. Rxa2 Ke6 35. g3 Nxh3 36. Kf3 Ng5+ 37. Kg4 Nf7 38. Rf2 d5 39. Rb2 e4 40. Rxb7 {Black forfeits on time} 1-0

[Event "FICS rated blitz game"]
[Site "FICS freechess.org"]
[FICSGamesDBGameNo "20000137"]
[White "Jackske"]
[Black "Lilspud"]
[WhiteElo "1638"]
[BlackElo "1305"]
[WhiteRD "na"]
[BlackRD "na"]
[TimeControl "300+0"]
[Date "1999.01.18"]
[Time "13:41:00"]
[WhiteClock "0:05:00.000"]
[BlackClock "0:05:00.000"]
[ECO "C44"]
[PlyCount "57"]
[Result "1-0"]

1. e4 e5 2. Nf3 Nc6 3. d4 d6 4. Bc4 Nf6 5. Bg5 Be7 6. Nc3 h6 7. Bxf6 Bxf6 8. Ne2 O-O 9. c3 Bg4 10. d5 Nb8 11. Ng3 Bh4 12. h3 Bxg3 13. fxg3 Bh5 14. g4 Bg6 15. Qe2 c6 16. O-O-O b5 17. Bb3 Qb6 18. h4 Nd7 19. dxc6 Nc5 20. Bd5 Rac8 21. h5 Bh7 22. g5 hxg5 23. Nxg5 Kh8 24. h6 g6 25. Nxf7+ Kg8 26. Nxd6+ Kh8 27. Nxc8 Rxc8 28. Qf3 g5 29. Qf6# {Black checkmated} 1-0

[Event "FICS rated blitz game"]
[Site "FICS freechess.org"]
[FICSGamesDBGameNo "20000136"]
[White "SConst"]
[Black "Meadeb"]
[WhiteElo "1474"]
[BlackElo "1523"]
[WhiteRD "na"]
[BlackRD "na"]
[TimeControl "180+12"]
[Date "1999.01.18"]
[Time "06:20:00"]
[WhiteClock "0:03:00.000"]
[BlackClock "0:03:00.000"]
[ECO "A45"]
[PlyCount "109"]
[Result "1-0"]

1. d4 Nf6 2. Bg5 d6 3. Nd2 Nbd7 4. c3 g6 5. Ngf3 e5 6. dxe5 dxe5 7. e4 Bg7 8. h3 O-O 9. Be2 Nc5 10. O-O Ncxe4 11. Bxf6 Nxf6 12. Nc4 e4 13. Nfe5 Be6 14. Qc2 a6 15. Rad1 Qc8 16. Rd2 b5 17. Ne3 c5 18. Rfd1 Qc7 19. N5g4 Nxg4 20. Bxg4 f5 21. Be2 Rfd8 22. f3 Bh6 23. Nd5 Bxd5 24. Rxd5 Be3+ 25. Kh1 Rxd5 26. Rxd5 Rd8 27. fxe4 Rxd5 28. exd5 Qg3 29. Bf3 Bf4 30. Kg1 Be3+ 31. Kf1 Qd6 32. c4 b4 33. b3 f4 34. Qe2 Qe5 35. Qd1 Qd6 36. Qa1 Bd4 37. Qe1 Be5 38. Qe4 Qf6 39. Ke2 Kf7 40. Bg4 h5 41. Be6+ Kg7 42. Qf3 Bd6 43. Qf2 Qb2+ 44. Kf1 Qa1+ 45. Qe1 Qxa2 46. Qd1 Qb2 47. Qd3 Qc1+ 48. Kf2 Be5 49. d6 Qb2+ 50. Kf3 Bd4 51. Kxf4 Qf2+ 52. Qf3 g5+ 53. Ke4 Qc2+ 54. Kd5 Bf6 55. Kxc5 {Black resigns} 1-0

[Event "FICS rated blitz game"]
[Site "FICS freechess.org"]
[FICSGamesDBGameNo "20000135"]
[White "EColle"]
[Black "Remechan"]
[WhiteElo "1579"]
[BlackElo "1691"]
[WhiteRD "na"]
[BlackRD "na"]
[TimeControl "300+0"]
[Date "1999.01.18"]
[Time "02:31:00"]
[WhiteClock "0:05:00.000"]
[BlackClock "0:05:00.000"]
[ECO "A48"]
[PlyCount "58"]
[Result "0-1"]

1. d4 Nf6 2. Nf3 g6 3. Bg5 Bg7 4. Nbd2 d6 5. e3 h6 6. Bd3 O-O 7. Bh4 Nbd7 8. b4 e5 9. Bg3 Qe8 10. O-O e4 11. Bb5 exf3 12. Nxf3 Ne4 13. Bd3 Nxg3 14. hxg3 Nf6 15. a4 Bg4 16. Be2 c6 17. Nd2 Bxe2 18. Qxe2 Ne4 19. Nf3 d5 20. Qd3 Qd7 21. c4 g5 22. c5 g4 23. Ne1 h5 24. a5 a6 25. Nc2 Qe7 26. Rab1 h4 27. gxh4 Qxh4 28. Rb2 g3 29. f3 Qh2# {White checkmated} 0-1

[Event "FICS rated blitz game"]
[Site "FICS freechess.org"]
[FICSGamesDBGameNo "20000134"]
[White "lucio"]
[Black "TiggerPooh"]
[WhiteElo "1588"]
[BlackElo "1698"]
[WhiteRD "na"]
[BlackRD "na"]
[TimeControl "180+0"]
[Date "1999.01.17"]
[Time "17:00:00"]
[WhiteClock "0:03:00.000"]
[BlackClock "0:03:00.000"]
[ECO "C00"]
[PlyCount "107"]
[Result "1-0"]

1. e4 e6 2. Nf3 c5 3. Bc4 Nc6 4. O-O a6 5. Re1 b5 6. Bf1 Be7 7. c3 Bb7 8. d4 Nf6 9. e5 Nd5 10. c4 bxc4 11. Bxc4 Nb6 12. Bf1 cxd4 13. Nxd4 O-O 14. Nxc6 Bxc6 15. Nc3 Nd5 16. Nxd5 Bxd5 17. Be3 Qc7 18. f4 Qb7 19. a3 Qxb2 20. a4 Rfc8 21. Bd4 Qb4 22. a5 Bc5 23. Bxc5 Rxc5 24. g3 Qe4 25. Rxe4 Bxe4 26. Bg2 Bxg2 27. Kxg2 Rac8 28. Qxd7 Rc2+ 29. Kh3 g6 30. Rb1 R2c7 31. Qd6 Rc6 32. Qe7 R6c7 33. Qf6 h5 34. Rb6 Ra8 35. Kh4 Rd7 36. Kg5 Kh7 37. Rd6 Rad8 38. Rxd7 Rxd7 39. g4 hxg4 40. Kxg4 Kg8 41. Qg5 Kg7 42. h4 Kh7 43. Kf3 Rd3+ 44. Ke4 Rd7 45. Qg1 Rb7 46. Qc5 Rb5 47. Qf8 Rb4+ 48. Kd3 Rb3+ 49. Ke4 Rb7 50. Kf3 Rd7 51. Kg4 Rb7 52. Kg5 Rc7 53. Kf6 Rc8 54. Qg7# {Black checkmated} 1-0

[Event "FICS rated blitz game"]
[Site "FICS freechess.org"]
[FICSGamesDBGameNo "20000133"]
[White "djedo"]
[Black "lyrad"]
[WhiteElo "1431"]
[BlackElo "1116"]
[WhiteRD "na"]
[BlackRD "na"]
[TimeControl "120+12"]
[Date "1999.01.17"]
[Time "09:46:00"]
[WhiteClock "0:02:00.000"]
[BlackClock "0:02:00.000"]
[ECO "B21"]
[PlyCount "69"]
[Result "1-0"]

1. e4 c5 2. f4 Nc6 3. Bc4 e6 4. Nf3 d5 5. exd5 exd5 6. Bb5 Bd7 7. O-O Qb6 8. Bxc6 c4+ 9. Kh1 Qxc6 10. Ne5 Qe6 11. Nc3 d4 12. Ne4 f6 13. Nc5 Qd6 14. Nexd7 Rd8 15. Qe2+ Ne7 16. Nxb7 Qxd7 17. Nxd8 Qxd8 18. Qxc4 Nd5 19. d3 Be7 20. Qc6+ Qd7 21. Qa8+ Bd8 22. Qb8 O-O 23. Qb3 Bc7 24. c4 Rb8 25. Qd1 Re8 26. cxd5 Qxd5 27. Qb3 Qxb3 28. axb3 a5 29. h3 g5 30. fxg5 Rf8 31. gxf6 Be5 32. Rxa5 Bxf6 33. Ra7 Bg7 34. Rxf8+ Kxf8 35. Rxg7 {Black resigns} 1-0